 Dungeon Crawl Stone Soup version 0.30-a0-279-g4b46babb21 (webtiles) character file.

Game seed: 982117494446247059

2713 ReploidZero the Skirmisher (level 9, -13/58 HPs)
             Began as a Tengu Hunter on Oct 16, 2022.
             Was an Initiate of Gozag.
             Mangled by an orc warrior
             ... wielding a +0 glaive
              (28 damage)
             ... in a bailey.
             The game lasted 00:18:52 (7016 turns).

ReploidZero the Skirmisher (Tengu Hunter)           Turns: 7016, Time: 00:18:53

Health: -13/58     AC:  4    Str: 11    XL:     9   Next: 66%
Magic:  10/10      EV: 21    Int:  9    God:    Gozag
Gold:   585        SH:  0    Dex: 23    Spells: 8/8 levels left

rFire   . . .      SeeInvis +    a - +0 shortbow (chaos)
rCold   . . .      Faith    .    (shield currently unavailable)
rNeg    . . .      Spirit   .    c - +0 leather armour
rPois   .          Reflect  .    i - +0 hat
rElec   .          Harm     .    y - +0 cloak
rCorr   .          Rampage  .    (no gloves)
Will    .....                    (boots unavailable)
Stlth   ++........               (no amulet)
HPRegen 0.29/turn                j - ring of see invisible
MPRegen 0.12/turn                (no ring)

@: about to teleport, flying quickly and evasively, studying Long Blades, quick
A: beak, talons 3, nimble flight
a: Renounce Religion, Potion Petition, Call Merchant, Bribe Branch


You were in a bailey.
You worshipped Gozag.
Gozag was pleased with you.
You visited 2 branches of the dungeon, and saw 8 of its levels.
You also visited: Ossuary and Bailey.

You collected 675 gold pieces.
You paid 90 gold pieces to Gozag.

Inventory:

Hand Weapons
 a - a +0 shortbow of chaos (weapon)
Missiles
 v - 2 throwing nets
Armour
 c - a +0 leather armour (worn)
 i - a +0 hat (worn)
 y - a +0 cloak (worn)
Jewellery
 j - a ring of see invisible (left hand)
Wands
 r - a wand of flame (31)
Scrolls
 b - 2 scrolls of immolation
 s - 3 scrolls of teleportation
Potions
 e - 3 potions of flight
 f - 2 potions of might
 g - 2 potions of brilliance
 h - 2 potions of curing
 n - 4 potions of attraction
 o - a potion of ambrosia
 p - a potion of invisibility
 q - a potion of cancellation {unknown}
 u - a potion of haste {unknown}
 w - 2 potions of berserk rage
 B - a potion of mutation {unknown}


   Skills:
 + Level 7.7 Fighting
 + Level 9.3 Ranged Weapons
 + Level 8.5 Dodging
 - Level 1.0 Stealth


You had 8 spell levels left.
You didn't know any spells.
Your spell library contained the following spells:

 Spells                   Type           Power      Damage    Failure   Level
 Beastly Appendage        Tmut           0%         N/A       47%         1
 Wereblood                Tmut           0%         N/A       63%         2
 Hailstorm                Conj/Ice       0%         3d3       85%         3
 Spider Form              Tmut/Pois      0%         N/A       85%         3
 Ice Form                 Ice/Tmut       0%         N/A       99%         4
 Simulacrum               Ice/Necr       Unusable   N/A       N/A         6

Dungeon Overview and Level Annotations

Branches:
Dungeon (7/15)             Temple (1/1) D:5         Ossuary (visited)
 Bailey (1/1)

Altars:
Ashenzari
Cheibriados
Dithmenos
Elyvilon
Fedhas
Gozag
Hepliaklqana
Kikubaaqudgha
Makhleb
Nemelex Xobeh
Qazlal
Ru
Sif Muna
Trog
Uskayaw
Wu Jian
Xom
Yredelemnul
Zin
The Shining One

Annotations:
Bailey 2 runed translucent doors


Innate Abilities, Weirdness & Mutations

You have a beak for a mouth.
You have claws for feet.
Your magical nature lets you fly swiftly and evasively.


Message History

The orc warrior is lightly wounded.
You shoot an arrow.
The arrow closely misses the orc warrior.
The arrow hits the orc but does no damage.
You shoot an arrow.
The arrow closely misses the orc warrior.
You shoot an arrow. The arrow hits the orc warrior.
The orc warrior is moderately wounded.
You shoot an arrow.
The arrow closely misses the orc warrior.
Fire: a) +0 shortbow (chaos)
Press: ? - help, Q - select action, (/) - cycle Shift-Dir - straight line, p - orc warrior
Okay, then.
An orc comes into view. It is wielding a +0 spear.
Unknown command.
The orc hits you but does no damage. The orc warrior completely misses you.
There is a large open door here.
Things that are here:
5 gold pieces; a +0 trident; a +0 scale mail
Okay, then.
Unknown command.
The deep elf pyromancer shouts!
Found eight items.
The orc warrior closely misses you.
Okay, then.
The orc warrior hits you with a +0 glaive!
The orc warrior hits you with a +0 glaive.
The orc warrior hits you with a +0 glaive!
The orc warrior hits you from afar with a +0 glaive!
The orc knight roars a battlecry!
The orc warrior goes into a battle-frenzy!
Okay, then.
As you read the scroll of teleportation, it crumbles to dust.
You feel strangely unstable. The orc warrior barely misses you.
The orc knight hits you with a +0 glaive!
* * * LOW HITPOINT WARNING * * *
The orc warrior closely misses you.
The orc warrior hits you from afar with a +0 glaive!!
You die...
Your body crumbles into a pile of gold.

#.$##=?[[#
.#
#..#$$!}!!#
# #..#..# .#
#..#..# ..#
#.o#......#
#o.##....#
#oo###++###
##...8....8.
#@..o.......
#$.#########
$ ####


You could see an orc knight, 3 orc warriors and an orc.

Vanquished Creatures
  A two-headed ogre (D:6)
  Eustachio (D:6)
  A wraith (Ossuary)
  2 water moccasins
  A sky beast (D:7)
  2 orc warriors
  3 ogres
  2 kobold brigands
  Blork the orc (D:6)
  A scorpion (D:4)
  2 hounds
  4 orc priests
  A jelly (D:5)
  3 iguanas
  5 orc wizards
  3 mummies (Ossuary)
  4 gnolls
  16 adders
  A shadow imp (D:6)
  A white imp (D:7)
  3 ufetubi
  A worm (D:2)
  2 dart slugs (D:3)
  20 orcs
  5 ball pythons
  13 endoplasms
  5 giant cockroaches
  6 hobgoblins
  9 jackals (D:1)
  6 quokkas
  9 bats
  9 goblins
  6 goblin zombies (Ossuary)
  3 hobgoblin zombies (Ossuary)
  13 kobolds
  2 kobold zombies (Ossuary)
  10 rats
  A spectral kobold (D:3)
178 creatures vanquished.

Vanquished Creatures (others)
  An orc wizard (D:3)
1 creature vanquished.

Grand Total: 179 creatures vanquished

Notes
Turn   | Place    | Note
-------+----------+-------------------------------------------
     0 | D:1      | ReploidZero the Tengu Hunter began the quest for the Orb.
     0 | D:1      | Reached XP level 1. HP: 12/12 MP: 2/2
   124 | D:1      | Found a faded altar of an unknown god.
   136 | D:1      | Reached XP level 2. HP: 17/17 MP: 3/3
   515 | D:1      | Reached XP level 3. HP: 22/22 MP: 4/4
  1008 | D:2      | Reached XP level 4. HP: 27/27 MP: 5/5
  1014 | D:2      | Reached skill level 5 in Ranged Weapons
  1706 | D:3      | Gained mutation: Your magical nature lets you fly swiftly
                  | and evasively. [Tengu growth]
  1706 | D:3      | Reached XP level 5. HP: 28/32 MP: 6/6
  2062 | D:3      | Found a shimmering blue altar of Sif Muna.
  2320 | D:3      | Reached XP level 6. HP: 28/38 MP: 7/7
  2401 | D:3      | Found a hazy altar of Hepliaklqana.
  3216 | D:4      | Reached skill level 6 in Ranged Weapons
  3484 | D:5      | Entered Level 5 of the Dungeon
  3573 | D:5      | Found a sand-covered staircase.
  3582 | Ossuary  | Entered an ossuary
  3582 | Ossuary  | Noticed a wraith
  3582 | Ossuary  | Noticed a wraith
  3582 | Ossuary  | Noticed a wraith
  4053 | Ossuary  | Noticed a wraith
  4074 | Ossuary  | Killed a wraith
  4075 | Ossuary  | Reached skill level 5 in Dodging
  4075 | Ossuary  | Reached XP level 7. HP: 19/44 MP: 8/8
  4364 | D:5      | Reached skill level 5 in Fighting
  4548 | D:5      | Found a staircase to the Ecumenical Temple.
  4593 | Temple   | Entered the Ecumenical Temple
  4593 | Temple   | Found a transporter.
  4593 | Temple   | Found a transporter.
  4595 | Temple   | Found a transporter.
  4595 | Temple   | Found a transporter.
  4626 | Temple   | Became a worshipper of Gozag Ym Sagoz the Greedy
  4710 | D:5      | Reached skill level 7 in Ranged Weapons
  5074 | D:6      | Reached XP level 8. HP: 50/50 MP: 9/9
  5336 | D:6      | Noticed a two-headed ogre
  5499 | D:6      | Found a shimmering altar of Xom.
  5816 | D:6      | Noticed Eustachio
  5864 | D:6      | Killed Eustachio
  6033 | D:6      | Noticed Blork the orc
  6036 | D:6      | Killed Blork the orc
  6037 | D:6      | Reached skill level 8 in Ranged Weapons
  6177 | D:6      | Killed a two-headed ogre
  6178 | D:6      | Reached XP level 9. HP: 40/57 MP: 10/10
  6585 | D:7      | Reached skill level 9 in Ranged Weapons
  6717 | D:7      | Found a flagged portal.
  6759 | Bailey   | Entered a bailey
  6937 | Bailey   | Found a large runed translucent door.
  6937 | Bailey   | Found a large runed translucent door.
  6937 | Bailey   | Noticed an orc knight
  7004 | Bailey   | Noticed a deep elf pyromancer
  7016 | Bailey   | Mangled by an orc warrior

Illustrated notes

Levels and vault maps discovered:
D:1:      dpeg_arrival_rooms_with_view, layout_loops_corners,
          hellmonk_ecumenical_altar_blasted, minmay_door_square,
          serial_bayou_lagoon_a, minmay_bisected
D:2:      layout_basic, minmay_small_reverse_x
D:3:      layout_loops_ring, nicolae_hepliaklqana_monster_ancestors,
          nicolae_overflow_crystal_walls
D:4:      layout_loops_cross, nicolae_figureground_sparkle
D:5:      layout_cave_pools, minmay_temple_entry_statues_fountains,
          enter_ossuary_3, hangedman_abyss_or_decor_passed,
          minmay_strange_pillars
D:6:      layout_loops_ring, xom_teletrap_fun, minmay_manual_mail,
          uniq_eustachio, uniq_blork_the_orc
D:7:      layout_loops_ring, enter_bailey_7
Temple:   hellmonk_temple_divided_pantheon
Bailey:   bailey_polearm_elven_captive_hellmonk, bailey

Skill      XL: |  1  2  3  4  5  6  7  8  9 |
---------------+----------------------------+-----
Dodging        | 3 4 5 6 7 8 |  8.5
Ranged Weapons | 5 6 7 8 9 |  9.3
Fighting       | 3 4 5 7 |  7.7
Stealth        | |  1.0

Action                   |  1- 3 |  4- 6 |  7- 9 || total
-------------------------+-------+-------+-------++-------
 Fire: Shortbow          |    94 |   289 |   273 ||   656
Evoke: Wand              |       |     1 |     1 ||     2
  Use: Potion            |       |     4 |     4 ||     8
       Scroll            |       |    11 |    14 ||    25
Armor: Leather armour    |    11 |    21 |     9 ||    41
       Skin              |       |       |     9 ||     9
Dodge: Dodged            |    23 |   134 |   110 ||   267

Table legend: (Time is in decaauts)
 A = Elapsed time spent in this place.
 B = Non-inter-level travel time spent in this place.
 C = Inter-level travel time spent in this place.
 D = Time resting spent in this place.
 E = Time spent auto-exploring this place.
 F = Levels seen in this place.
 G = Mean time per level.
                   A        B        C        D        E       F      G
               +--------+--------+--------+--------+--------+-----+--------+
         Total |   6879 |   6580 |    299 |     22 |   4963 |  10 |  687.9 |
       Dungeon |   5970 |   5691 |    279 |     22 |   4351 |   7 |  852.9 |
        Temple |     45 |     26 |     19 |      0 |      2 |   1 |   45.0 |
       Ossuary |    615 |    615 |      0 |      0 |    456 |   1 |  615.0 |
        Bailey |    248 |    248 |      0 |      0 |    152 |   1 |  248.0 |
               +--------+--------+--------+--------+--------+-----+--------+

Top non-repeatable levels by time:
     D:6: 1129 daAuts
     D:5: 1065 daAuts
     D:1: 1006 daAuts
     D:4: 946 daAuts
     D:3: 828 daAuts
     D:2: 721 daAuts
 Ossuary: 615 daAuts
     D:7: 272 daAuts
  Bailey: 248 daAuts
  Temple: 45 daAuts
